Map: Winter Madness LE

Players

HoldTheDoor - Winner!

  • Race: Protoss Protoss
  • League: Diamond
  • Spawn Location: 5:00

Tandje

  • Race: Protoss Protoss
  • League: Diamond
  • Spawn Location: 11:00

VOD

Have the link to the VOD?

Description

Time

  • Played on: May 6, 2026, 1:13 p.m.
  • Length: 13:06
Show
View Real Time Build Order
Export as new Build Order

HoldTheDoor Protoss - Winner!

Build Orders: Oracle Opening, Chargelot Immortal 

Get SALT Encoding   

  12  0:00  Probe  
  13  0:12  Probe  
  14  0:18  Pylon  
  14  0:23  Probe  
  15  0:32  Probe  
  15  0:39  Gateway  
  15  0:40  Probe  
  16  0:49  Assimilator  
  17  0:51  Probe  
  18  0:57  Assimilator  
  18  1:03  Probe  
  19  1:07  Assimilator  
  19  1:15  Probe  
  20  1:24  Gateway  
  20  1:29  Cybernetics Core  
  20  1:32  Probe  
  21  1:41  Pylon  
  21  1:44  Probe  
  22  1:56  Probe  
  22  1:58  Stalker  
  23  2:03  Stalker  
  25  2:08  Probe  
  25  2:09  Warp Gate  
  28  2:21  Probe  
  29  2:23  Pylon  
  29  2:28  Stalker  
  32  2:44  Probe  
  32  2:48  Pylon  
  32  2:51  Stargate  
  32  2:58  Probe  
  33  3:00  Stalker  
  35  3:15  Pylon  
  35  3:29  Nexus  
  35  3:32  Oracle  
  35  3:40  Probe  
  39  3:51  Robotics Facility  
  39  3:52  Probe  
  40  4:00  Stalker  
  42  4:04  Probe  
  43  4:16  Probe  
  44  4:18  Assimilator  
  44  4:21  Sentry  
  44  4:24  Zealot  
  48  4:28  Probe  
  49  4:40  Probe  
  49  4:41  Pylon  
  49  4:44  Probe  
  51  4:53  Probe  
  51  4:56  Probe  
  53  5:01  Immortal  
  53  5:05  Probe  
  53  5:06  Zealot  
  53  5:07  Zealot  
  53  5:09  Probe  
  60  5:17  Probe  
  60  5:21  Probe  
  62  5:23  Gateway  
  62  5:26  Gateway  
  62  5:29  Probe  
  62  5:33  Probe  
  62  5:34  Assimilator  
  64  5:36  Pylon  
  64  5:40  Observer  
  64  5:41  Probe  
  66  5:45  Probe  
  67  5:50  Twilight Council  
  67  5:53  Pylon, Probe  
  68  5:57  Probe  
  69  6:13  Zealot x2  
  61  6:27  Stalker x2  
  62  6:37  Stalker  
  62  6:38  Stalker  
  66  6:41  Immortal  
  66  6:44  Shield Battery  
  66  6:45  Charge  
  71  6:47  Shield Battery, Probe  
  71  6:55  Probe  
  71  6:56  Stalker  
  71  6:57  Stalker  
  71  6:59  Probe  
  77  7:09  Zealot  
  77  7:10  Zealot  
  77  7:12  Probe  
  77  7:13  Probe  
  83  7:22  Gateway  
  83  7:24  Gateway  
  83  7:28  Gateway  
  83  7:29  Gateway  
  83  7:30  Pylon  
  83  7:32  Probe  
  84  7:39  Probe  
  85  7:49  Probe, Immortal  
  86  7:51  Probe  
  86  7:54  Zealot x4  
  96  8:18  Stalker x3  
  96  8:19  Stalker x2  
  94  8:26  Stalker  
  88  8:28  Zealot  
  90  8:37  Probe  
  91  8:41  Zealot  
  91  8:42  Zealot x2  
  91  8:45  Sentry x2  
  91  8:46  Pylon  
  101  8:51  Templar Archives  
  101  8:55  Pylon  
  101  9:04  Zealot  
  101  9:05  Zealot  
  101  9:06  Zealot  
  101  9:08  Zealot, Warp Prism  
  86  9:51  Nexus  
  86  9:53  Pylon  
  86  9:54  Immortal  
  86  9:55  Shield Battery x2  
  86  9:58  Shield Battery  
  86  9:59  High Templar x4  
  98  10:04  High Templar x3  
  104  10:09  High Templar  
  104  10:13  Archon x2  
  106  10:16  Archon  
  106  10:17  Archon  
  106  10:19  Probe x2  
  104  10:31  Probe x2  
  104  10:34  Zealot x4  
  90  10:43  Probe  
  90  10:47  Zealot x2  
  90  10:48  Zealot x2  
  97  10:52  Probe  
  97  10:55  Sentry, Probe  
  101  10:57  Sentry  
  101  10:58  High Templar x2  
  101  11:03  Archon  
  107  11:05  Shield Battery  
  107  11:10  Probe x2  
  109  11:15  Probe  
  109  11:16  Assimilator  
  110  11:18  Forge  
  110  11:21  Pylon  
  110  11:22  Probe x2  
  110  11:23  High Templar x4  
  120  11:27  Probe  
  120  11:29  Archon x2  
  121  11:33  Immortal  
  125  11:40  Probe x2  
  125  11:43  Probe  
  125  11:46  Zealot x4  
  136  11:51  Pylon  
  136  12:01  Forge  
  136  12:05  Nexus  
  136  12:15  Probe  
  136  12:21  Pylon, Zealot  
  136  12:22  Zealot x5  
  142  12:50  Zealot x8  
Show
View Real Time Build Order
Export as new Build Order

Tandje Protoss 

Build Orders:  

Get SALT Encoding   

  12  0:00  Probe  
  13  0:12  Probe  
  14  0:18  Pylon  
  14  0:24  Probe  
  15  0:29  Assimilator  
  15  0:37  Probe  
  16  0:44  Gateway  
  16  0:49  Probe  
  17  1:01  Probe  
  18  1:13  Probe  
  20  1:25  Probe  
  20  1:26  Zealot  
  20  1:38  Probe  
  23  1:43  Cybernetics Core  
  23  1:47  Pylon  
  23  2:09  Nexus  
  23  2:11  Stalker  
  23  2:15  Pylon  
  23  2:17  Probe  
  26  2:24  Warp Gate  
  26  2:29  Probe  
  27  2:36  Assimilator  
  27  2:41  Stalker, Shield Battery  
  27  2:42  Probe  
  30  2:54  Pylon  
  30  3:06  Gateway, Stalker  
  32  3:21  Probe  
  32  3:22  Probe  
  34  3:30  Stalker  
  34  3:33  Probe  
  34  3:34  Probe  
  36  3:45  Probe  
  36  3:46  Probe  
  42  3:57  Probe  
  42  3:58  Probe  
  46  4:09  Probe  
  45  4:10  Probe  
  45  4:16  Pylon  
  44  4:17  Stalker x2  
  48  4:25  Gateway  
  48  4:26  Probe x2  
  50  4:36  Pylon  
  50  4:38  Probe  
  50  4:39  Probe  
  50  4:43  Pylon  
  50  4:45  Stalker  
  54  4:48  Stalker  
  54  4:51  Probe x2  
  53  5:03  Probe x2  
  55  5:15  Probe x2, Stalker  
  59  5:24  Stalker x2  
  59  5:27  Probe x2  
  65  5:38  Twilight Council, Robotics Facility  
  65  5:39  Probe x2  
  67  5:43  Stalker  
  67  5:46  Assimilator  
  69  6:01  Stalker x2  
  73  6:04  Blink  
  59  6:28  Immortal  
  57  6:34  Stalker x3  
  65  6:46  Gateway  
  65  6:47  Gateway  
  65  6:49  Gateway  
  65  6:53  Pylon  
  65  6:55  Pylon x2  
  65  6:58  Stalker x3  
  71  7:03  Assimilator  
  71  7:05  Probe x2  
  73  7:10  Observer  
  77  7:15  Immortal  
  77  7:17  Probe x2  
  76  7:24  Stalker x2  
  76  7:25  Stalker  
  86  7:42  Stalker x2  
  90  7:58  Charge  
  78  8:28  Stalker x4  
  78  8:29  Stalker x2  
  78  8:30  Nexus  
  90  8:34  Probe x2  
  90  8:37  Pylon  
  90  8:40  Pylon  
  92  8:45  Pylon  
  92  8:46  Probe x2  
  94  8:52  Stalker x2  
  98  8:58  Probe x2  
  98  9:01  Stalker x2  
  104  9:10  Probe x2  
  106  9:19  Pylon  
  106  9:22  Probe  
  106  9:23  Probe  
  102  9:35  Probe x2  
  96  9:39  Immortal  
  96  9:41  Stalker x6  
  108  9:46  Assimilator  
  108  9:47  Probe  
  108  9:48  Assimilator  
  113  10:04  Zealot  
  113  10:05  Zealot x3  
  113  10:06  Zealot x2  
  85  10:49  Zealot x6  
  87  10:57  Gateway  
  87  10:59  Gateway x3  
  87  11:00  Gateway x2  
  87  11:07  Pylon, Immortal  
  91  11:15  Zealot x4  
  99  11:19  Zealot  
  101  11:26  Probe  
  101  11:27  Probe x2  
  101  11:31  Forge  
  104  11:33  Nexus  
  104  11:38  Forge  
  104  11:43  Probe x3  
  104  11:44  Zealot x2  
  104  11:45  Zealot  
  113  12:12  Zealot x5  
  113  12:13  Zealot x5  
  133  12:16  Probe  
  133  12:17  Probe x2  
  136  12:29  Probe  
  137  12:33  Zealot x2  
  137  12:34  Zealot x2  
Tags
 
Add a new tag
Caveats
  • Supply blocks, unpowered buildings, or Contaminate may cause inaccurate times.
  • Supply counts are checked every 10 seconds.